AoeStats
← October Rust

Arabia

509924680Analyzed
1v1 RM · 2d ago on Sep 28, 2026· 41m 36s· 2 players
Game mode
Random Map
Map size
Tiny (2 player)
Population
200
Speed
Normal
Resources
Standard
Victory
Conquest
Starting age
Dark Age
Ending age
Imperial Age
RankedLock teamsTeams togetherTeam positionsShared explorationLock speedFull tech treeHidden civsTurbo modeCheats
Victory
Defeat
🇩🇪 Persians · Germany
1050
+17
🇺🇸 Franks · United States
1065
-17
dom
10:08 Feudal Age
12:20 Double-Bit Axe
15:45 Castle Age
14:28 Double-Bit Axe
15:02 Horse Collar
16:50 Heavy Plow
17:22 Loom
19:53 Gold Mining
24:01 Wheelbarrow
24:16 Pikeman
27:11 Bow Saw
27:52 Hand Cart
28:28 Squires
31:39 Imperial Age
29:32 Fletching
29:32 Elite Skirmisher
30:47 Bodkin Arrow
32:34 Padded Archer Armor
33:51 Two-Man Saw
33:27 Stone Mining
34:14 Gold Shaft Mining
33:58 Leather Archer Armor
34:26 Ballistics
33:34 Crossbowman
34:24 Thumb Ring
35:32 Capped Ram
37:14 Kamandaran
38:01 Town Watch
40:06 Scale Mail Armor
October Rust
5:56 Loom
9:21 Feudal Age
9:52 Double-Bit Axe
16:03 Wheelbarrow
20:51 Castle Age
20:00 Scale Barding Armor
20:53 Forging
21:55 Bow Saw
22:03 Fletching
22:34 Padded Archer Armor
22:54 Husbandry
22:59 Padded Archer Armor
23:57 Bodkin Arrow
26:23 Leather Archer Armor
33:29 Chain Barding Armor
33:45 Iron Casting
34:26 Gold Mining
43:13 Imperial Age
42:08 Hand Cart
Connection lost

Rejoining the realm…

Still unreachable

The connection could not be restored.

Session expired

The server has moved on; the page needs a fresh start.